 Dungeon Crawl Stone Soup version 0.30-a0-377-g5cb311bc9f (webtiles) character file.

Game seed: 8068345418491059079

5 fedoskokos the Chopper (level 1, 0/20 HPs)
             Began as a Minotaur Monk on Nov 29, 2022.
             Slain by a quokka (3 damage)
             ... on level 1 of the Dungeon.
             The game lasted 00:00:27 (168 turns).

fedoskokos the Chopper (Minotaur Monk)               Turns: 168, Time: 00:00:28

Health: 0/20       AC:  2    Str: 15    XL:     1   Next: 66%
Magic:  0/0        EV: 12    Int:  7    God:
Gold:   0          SH:  0    Dex: 12    Spells: 0/0 levels left

rFire   . . .      SeeInvis .    a - +0 hand axe
rCold   . . .      Faith    .    (no shield)
rNeg    . . .      Spirit   .    b - +0 robe
rPois   .          Reflect  .    (helmet restricted)
rElec   .          Harm     .    (no cloak)
rCorr   .          Rampage  .    (no gloves)
Will    .....                    (no boots)
Stlth   ++........               (no amulet)
HPRegen 0.23/turn                (no ring)
MPRegen 0.07/turn                (no ring)

@: no status effects
A: horns 2, retaliatory headbutt
a: no special abilities


You were on level 1 of the Dungeon.
You visited 1 branch of the dungeon, and saw 1 of its levels.

Inventory:

Hand Weapons
 a - a +0 hand axe (weapon)
Armour
 b - a +0 robe (worn)
Scrolls
 d - a scroll of teleportation {unknown}
Potions
 c - a potion of ambrosia


   Skills:
 + Level 3.8 Fighting
 * Level 4.0 Axes
 - Level 3.2 Dodging
 - Level 1.5 Stealth


You couldn't memorise any spells.
You didn't know any spells.
Your spell library was empty.

Dungeon Overview and Level Annotations

Branches:
Dungeon (1/15)

Altars:


Innate Abilities, Weirdness & Mutations

You have a pair of horns on your head.
You reflexively headbutt those who attack you in melee.


Message History

You kill the goblin!
You see here a +0 club.
HP restored.
You see here a +0 dagger.
A ball python comes into view. 2 bats and an endoplasm come into view.
The ball python hisses angrily.
The ball python barely misses you. x2; The ball python closely misses you.
The ball python grabs you. The ball python constricts you.
There are monsters nearby!
You hit the ball python.
You kill the ball python!
The bat attacks as you move away! The bat hits you.
The bat hits you but does no damage.
You see here a ball python corpse.
You hit the bat.
You kill the bat!
The bat hits you but does no damage.
You hit the bat.
You kill the bat!
Unknown command.
You hit the endoplasm.
You kill the endoplasm!
Your Axes skill increases to level 4!
You see here a ball python corpse.
Found a scroll labelled RONAFR BUJUN.
d - a scroll labelled RONAFR BUJUN
There is a fountain of clear blue water here.
A quokka comes into view.
The quokka bites you. x2
You barely miss the quokka. Your headbutt misses the quokka.
The quokka bites you.
You closely miss the quokka. Your headbutt misses the quokka.
The quokka bites you.
* * * LOW HITPOINT WARNING * * *
You barely miss the quokka. The quokka closely misses you.
The quokka bites you.
* * * LOW HITPOINT WARNING * * *
You closely miss the quokka. The quokka bites you.
You die...

##.........# .#
#..
#..#.......##.#
###
#.............#
#..
#.......#######
#.# ##..⌠...#
#.# ##...#.#
#.#
#####.######
#.#
#......#####..
#.#
####..@r......
#.# #...#####..
#.# ##### #


You could see a quokka.

Vanquished Creatures
  An endoplasm (D:1)
  A goblin (D:1)
  A ball python (D:1)
  2 bats (D:1)
  A frilled lizard (D:1)
6 creatures vanquished.

Notes
Turn   | Place    | Note
-------+----------+-------------------------------------------
     0 | D:1      | fedoskokos the Minotaur Monk began the quest for the Orb.
     0 | D:1      | Reached XP level 1. HP: 19/19 MP: 0/0
   140 | D:1      | Reached skill level 4 in Axes
   168 | D:1      | Slain by a quokka

Illustrated notes

Levels and vault maps discovered:
D:1:      matt_arrival_spirals, layout_loops_corners, serial_shops, shop,
          minmay_misc_feat_hallway, hangedman_feature_mirror, minivault_19

Skill      XL: |  1 |
---------------+----+-----
Axes           | 4 |  4.0
Fighting       | |  3.8
Dodging        | |  3.2
Stealth        | |  1.5

Action                   || total
-------------------------++-------
Melee: Hand axe          ||    14
       Headbutt          ||     1
 Stab: Sleeping          ||     1
Armor: Robe              ||     2
Dodge: Dodged            ||     7

Table legend: (Time is in decaauts)
 A = Elapsed time spent in this place.
 B = Non-inter-level travel time spent in this place.
 C = Inter-level travel time spent in this place.
 D = Time resting spent in this place.
 E = Time spent auto-exploring this place.
 F = Levels seen in this place.
 G = Mean time per level.
                   A        B        C        D        E       F      G
               +--------+--------+--------+--------+--------+-----+--------+
         Total |    169 |    162 |      7 |      0 |    126 |   1 |  169.0 |
       Dungeon |    169 |    162 |      7 |      0 |    126 |   1 |  169.0 |
               +--------+--------+--------+--------+--------+-----+--------+

Top non-repeatable levels by time:
     D:1: 169 daAuts
